 Dungeon Crawl Stone Soup version 0.30-a0-389-g8d7d949f56 (webtiles) character file.

Game seed: 7921347091771566168

472 jfcaron the Chopper (level 7, -4/60 HPs)
             Began as a Meteoran Fighter on Dec 4, 2022.
             Was a Priest of Wu Jian.
             Slain by an ogre
             ... wielding a +0 giant club
              (23 damage)
             ... on level 5 of the Dungeon.
             The game lasted 00:08:31 (1153 turns).

jfcaron the Chopper (Meteoran Fighter)              Turns: 1153, Time: 00:08:31

Health: -4/60      AC: 11    Str: 21    XL:     7   Next: 58%
Magic:  8/8        EV:  7    Int:  9    God:    Wu Jian [***...]
Gold:   148        SH:  5    Dex: 13    Spells: 6/6 levels left

rFire   . . .      SeeInvis .    j - +2 hand axe (vorpal)
rCold   . . .      Faith    .    c - +0 buckler
rNeg    . . .      Spirit   .    d - +0 chain mail
rPois   .          Reflect  .    (no helmet)
rElec   .          Harm     .    (no cloak)
rCorr   .          Rampage  .    (no gloves)
Will    .....                    g - +0 pair of boots
Stlth   ..........               (no amulet)
HPRegen 0.30/turn                (no ring)
MPRegen 0.11/turn                (no ring)

@: glowing
A: sense surroundings 1, otherworldly, glowing, explore regen
a: Renounce Religion, Wall Jump, Serpent's Lash


You were on level 5 of the Dungeon.
You worshipped Wu Jian.
Wu Jian was most pleased with you.
You visited 1 branch of the dungeon, and saw 5 of its levels.

You collected 148 gold pieces.

Inventory:

Hand Weapons
 a - a +0 war axe
 j - a +2 vorpal hand axe (weapon)
 m - a +0 antimagic dagger
Missiles
 n - a throwing net (quivered) {!f}
Armour
 b - a +0 scale mail
 c - a +0 buckler (worn)
 d - a +0 chain mail (worn)
 g - a +0 pair of boots (worn)
 i - a +1 ring mail of willpower
Scrolls
 k - a scroll of enchant weapon
 o - a scroll of torment {unknown}
 p - a scroll of fog {unknown}
Potions
 e - 2 potions of heal wounds
 f - a potion of resistance {unknown}
 h - a potion of curing {unknown}
 l - a potion of might
 q - 2 potions of brilliance {unknown}


   Skills:
 + Level 4.8 Fighting
 * Level 5.9 Axes
 + Level 5.2 Armour
 + Level 5.2 Shields


You had 6 spell levels left.
You didn't know any spells.
Your spell library contained the following spells:

 Spells                   Type           Power      Damage    Failure   Level
 Summon Small Mammal      Summ           0%         N/A       99%         1
 Cigotuvi's Dreadful Rot  Necr/Pois/Air  0%         N/A       100%        2
 Poisonous Vapours        Pois/Air       0%         N/A       100%        2
 Call Canine Familiar     Summ           0%         N/A       100%        3
 Mephitic Cloud           Conj/Pois/Air  0%         N/A       100%        3
 Stone Arrow              Conj/Erth      0%         3d7       100%        3
 Summon Guardian Golem    Hex/Summ       0%         N/A       100%        3
 Animate Armour           Summ/Erth      0%         N/A       100%        4
 Summon Ice Beast         Ice/Summ       0%         N/A       100%        4
 Summon Mana Viper        Hex/Summ       0%         N/A       100%        5
 Monstrous Menagerie      Summ           0%         N/A       100%        7
 Lehudib's Crystal Spear  Conj/Erth      0%         10d2      100%        8


Dungeon Overview and Level Annotations

Branches:
Dungeon (5/15) Zot: 1813
 Temple: D:4-7

Altars:
Wu Jian


Innate Abilities, Weirdness & Mutations

You passively map a small area around you.
You are easily found by Zot.
You glow in the dark.
You regain HP and MP as you explore.


Message History

You kill the orc!
The Council accepts your kill.
The orc wizard hits you but does no damage.
You block the orc wizard's attack.
You hit the orc wizard.
The orc wizard is heavily wounded.
You miss the orc wizard.
The orc wizard hits you but does no damage. x2
You hit the orc wizard.
The orc wizard is almost dead.
You hit the orc wizard. You block the orc wizard's attack.
The orc wizard hits you but does no damage.
You closely miss the orc wizard.
The orc wizard is almost dead.
You barely miss the orc wizard.
The orc wizard hits you but does no damage. x2
You hit the orc wizard.
The orc wizard is almost dead.
You hit the orc wizard.
The orc wizard hits you but does no damage.
The orc wizard casts a spell at you. The puff of flame hits you.
You hit the orc wizard.
You kill the orc wizard!
The Council accepts your kill.
You can now briefly move at supernatural speeds.
You completely miss the orc wizard.
The orc wizard hits you with a +0 dagger.
Aiming: Wall Jump
Press: ? - help, Dir - move target You repeatedly attack the ogre from above.
You closely miss the ogre. You hit the ogre but do no damage.
The orc wizard casts a spell.
The orc wizard flickers and vanishes!
Deactivating autopickup; reactivate with Ctrl-A.
The ogre hits you with a +0 giant club!!
* * * LOW HITPOINT WARNING * * *
You barely miss the ogre. You closely miss something.
The ogre hits you with a +0 giant club!!
You die...

..., #...#..... , * #...
#...##+### , *
#...##.))##..## *
.......).)..... , ,
......)))).... , , ,, ,
.............. **####
#######....##)##
##...####....##....##.#
,
.......@................
,
......O{................
........................
#....####....###...##..#
* #....*
#....#*#...##+## , ,
.... ..?......#..... ...
,..........#.(....
...............#...... *
* ############# ####


You could see an ogre.

Vanquished Creatures
  A black bear (D:5)
  2 scorpions (D:4)
  A gnoll bouda (D:5)
  An iguana (D:3)
  3 orc wizards (D:5)
  5 gnolls (D:5)
  2 adders (D:3)
  2 dart slugs (D:1)
  10 orcs
  6 endoplasms
  3 giant cockroaches
  5 goblins (D:3)
  7 hobgoblins
  2 kobolds
  A quokka (D:2)
  A ball python (D:3)
  2 bats
  6 frilled lizards
  7 rats
67 creatures vanquished.

Notes
Turn   | Place    | Note
-------+----------+-------------------------------------------
     0 | D:1      | jfcaron the Meteoran Fighter began the quest for the Orb.
     0 | D:1      | Reached XP level 1. HP: 19/19 MP: 2/2
    99 | D:1      | Reached XP level 2. HP: 26/26 MP: 3/3
   182 | D:1      | Found a faded altar of an unknown god.
   188 | D:1      | Prayed at the altar of an unknown god.
   188 | D:1      | Became a worshipper of the Wu Jian Council
   188 | D:1      | Reached * piety under Wu Jian
   395 | D:2      | Reached XP level 3. HP: 31/31 MP: 4/4
   602 | D:3      | Reached ** piety under Wu Jian
   603 | D:3      | Reached XP level 4. HP: 40/40 MP: 5/5
   805 | D:3      | Reached XP level 5. HP: 46/46 MP: 6/6
   912 | D:4      | Reached XP level 6. HP: 28/52 MP: 7/7
  1079 | D:5      | Entered Level 5 of the Dungeon
  1095 | D:5      | Noticed a black bear
  1099 | D:5      | Killed a black bear
  1100 | D:5      | Reached skill level 5 in Axes
  1100 | D:5      | Reached skill level 5 in Shields
  1100 | D:5      | Reached XP level 7. HP: 60/60 MP: 8/8
  1112 | D:5      | Reached skill level 5 in Armour
  1151 | D:5      | Reached *** piety under Wu Jian
  1153 | D:5      | Slain by an ogre

Illustrated notes

Levels and vault maps discovered:
D:1:      dpeg_arrival_lava_altar, layout_basic, ebering_ecumenical_altar_rust
D:2:      layout_loops_corners
D:3:      layout_rooms
D:4:      layout_loops_ring, mainiacjoe_overflow_alcove_4
D:5:      minmay_general_purpose_star, layout_gridville, lemuel_crystal_altar

Skill      XL: |  1  2  3  4  5  6  7 |
---------------+----------------------+-----
Axes           | 3 4 5 |  5.9
Armour         | 4 5 |  5.2
Shields        | 4 5 |  5.2
Fighting       | 4 |  4.8

Action                   |  1- 3 |  4- 6 |  7- 9 || total
-------------------------+-------+-------+-------++-------
Melee: War axe           |    65 |       |       ||    65
       Hand axe          |     3 |    44 |    40 ||    87
Invok: Lunge             |     5 |     3 |     3 ||    11
       Whirlwind         |       |       |     5 ||     5
 Abil: Wall Jump         |       |       |     1 ||     1
Evoke: Wand              |       |     8 |       ||     8
  Use: Scroll            |     2 |     2 |       ||     4
       Potion            |     1 |       |       ||     1
Armor: Scale mail        |    29 |     4 |       ||    33
       Chain mail        |       |    16 |    32 ||    48
Dodge: Dodged            |    23 |    11 |    12 ||    46
Block: Buckler           |    15 |     3 |    15 ||    33

Table legend: (Time is in decaauts)
 A = Elapsed time spent in this place.
 B = Non-inter-level travel time spent in this place.
 C = Inter-level travel time spent in this place.
 D = Time resting spent in this place.
 E = Time spent auto-exploring this place.
 F = Levels seen in this place.
 G = Mean time per level.
                   A        B        C        D        E       F      G
               +--------+--------+--------+--------+--------+-----+--------+
         Total |   1186 |   1120 |     66 |      0 |    672 |   5 |  237.2 |
       Dungeon |   1186 |   1120 |     66 |      0 |    672 |   5 |  237.2 |
               +--------+--------+--------+--------+--------+-----+--------+

Top non-repeatable levels by time:
     D:2: 422 daAuts
     D:3: 247 daAuts
     D:1: 247 daAuts
     D:4: 191 daAuts
     D:5: 77 daAuts
